 Dungeon Crawl Stone Soup version 0.29-a0-266-gf56f883ddd (webtiles) character file.

Game seed: 9064244559696710572

302 avis the Ruffian (level 6, -4/51 HPs)
             Began as a Hill Orc Transmuter on Mar 6, 2022.
             Slain by a gnoll
             ... wielding a +0 flail
              (6 damage)
             ... on level 4 of the Dungeon.
             The game lasted 00:19:07 (4699 turns).

avis the Ruffian (Hill Orc Transmuter)              Turns: 4699, Time: 00:19:08

Health: -4/51      AC:  3    Str: 13    XL:     6   Next: 37%
Magic:  7/9        EV: 12    Int: 15    God:
Gold:   224        SH:  0    Dex: 11    Spells: 5/9 levels left

rFire   . . .      SeeInvis .     - Unarmed
rCold   . . .      Faith    .   (no shield)
rNeg    . . .      Spirit   .   a - +0 robe
rPois   .          Reflect  .   (no helmet)
rElec   .          Harm     .   l - scarf {+Inv}
rCorr   .          Rampage  .   (no gloves)
Will    .....                   i - +0 pair of boots
Stlth   +.........              (no amulet)
HPRegen 0.17/turn               (no ring)
MPRegen 0.11/turn               (no ring)

@: no status effects
A: no striking features
a: Evoke Invisibility


You were on level 4 of the Dungeon.
You visited 1 branch of the dungeon, and saw 5 of its levels.

You collected 224 gold pieces.

Inventory:

Hand Weapons
 e - a +0 hunting sling
 p - a +0 dagger of venom
Missiles
 c - 148 stones
 f - 4 silver boomerangs
 m - 2 throwing nets
Armour
 a - a +0 robe (worn)
 h - a +0 kite shield
 i - a +0 pair of boots (worn)
 j - a +1 ring mail of cold resistance
 k - a +0 leather armour
 l - a scarf of invisibility (worn)
 o - a +0 chain mail
Wands
 r - a wand of polymorph (2)
Scrolls
 d - 2 scrolls of teleportation
 g - a scroll of brand weapon {unknown}
Potions
 b - a potion of lignification
 n - a potion of resistance
 s - a potion of flight {unknown}


   Skills:
 * Level 3.0 Fighting
 - Level 1.5 Dodging
 - Level 5.0 Unarmed Combat
 - Level 2.0 Spellcasting
 - Level 3.0 Transmutations
 - Level 2.0 Poison Magic


You had 5 spell levels left.
You knew the following spells:

 Your Spells              Type           Power      Damage    Failure   Level
a - Beastly Appendage     Tmut           20%        N/A       6%          1
p - Spider Form           Tmut/Pois      9%         N/A       24%         3

Your spell library contained the following spells:

 Spells                   Type           Power      Damage    Failure   Level
 Wereblood                Tmut           10%        N/A       10%         2
 Foxfire                  Conj/Fire      4%         2x1d4     22%         1
 Conjure Flame            Conj/Fire      1%         6-21      54%         3
 Inner Flame              Hex/Fire       1%         N/A       54%         3
 Summon Guardian Golem    Hex/Summ       1%         N/A       54%         3
 Ice Form                 Ice/Tmut       6%         N/A       75%         4
 Flame Wave               Conj/Fire      1%         2d4       91%         4
 Orb of Destruction       Conj           0%         9d5       100%        7
 Spellforged Servitor     Conj/Summ      0%         N/A       100%        7


Dungeon Overview and Level Annotations

Branches:
Dungeon (5/15)
 Temple: D:4-7

Altars:
Hepliaklqana
Sif Muna
Zin

Shops:
D:4 *


Message History

* * * LOW HITPOINT WARNING * * *
You feel much better. The gnoll barely misses you.
The gnoll shaman hits you with a +0 club.
The gnoll barely misses you.
Casting: Spider Form (dangerous; 26% risk of failure)
Confirm with . or Enter, or press ? or * to list all spells.
You turn into a venomous arachnid creature.
Your scarf of invisibility melds into your body.
Your +0 pair of boots melds into your body.
Your +0 robe melds into your body.
The gnoll misses you.
The gnoll shaman hits you with a +0 club.
The gnoll barely misses you.
You hit the gnoll shaman but do no damage.
The gnoll shaman looks as sick as possible!
The gnoll shaman is almost dead.
You kill the gnoll shaman!
The gnoll barely misses you. The gnoll hits you with a +0 spear!
* * * LOW HITPOINT WARNING * * *
Training target 3.0 for Transmutations reached!
Your Transmutations skill increases to level 3!
You need to enable at least one skill for training.
The gnoll attacks as you move away! The gnoll barely misses you.
The gnoll hits you from afar with a +0 spear.
* * * LOW HITPOINT WARNING * * *
Things that are here:
a +0 club; a +0 robe; a gnoll corpse Your transformation is almost over.
The gnoll attacks as you move away! The gnoll hits you with a +0 flail.
* * * LOW HITPOINT WARNING * * *
The gnoll attacks as you move away! The gnoll misses you.
The gnoll attacks as you move away! The gnoll barely misses you.
The gnoll attacks as you move away! The gnoll misses you.
Your transformation has ended.
Your scarf of invisibility unmelds from your body.
Your +0 pair of boots unmelds from your body.
Your +0 robe unmelds from your body.
You become transparent for a moment.
The gnoll attacks as you move away! The gnoll hits you with a +0 flail.
* * * LOW HITPOINT WARNING * * *
The gnoll attacks as you move away! The gnoll hits you with a +0 flail.
You die...

.....##......#
#.#####.#####
.###########.# #.#
#.# .# #.# #.# #.#
.# #.# #.# #.# ##
#.# #.# #.# #.#
#.# #.# #.# #g#
#)# ######.# #g#
###># #......# #@#
#...# ## #.######
#.# #.### # .# #.#
#.# #.# # .# #.#
#.# #.# #
.######.########.#
#.# #
..............##.#
#.# #
..##....#####.##.#
#.# #
..#.............)#
#.# #
..#..#####.....###
#.# #


You could see 2 gnolls.

Vanquished Creatures
  A necrophage (D:4)
  A jelly (D:4)
  A gnoll shaman (D:4)
  2 orc wizards (D:3)
  7 adders
  3 worms
  10 orcs
  5 ball pythons
  4 bats
  4 endoplasms
  5 goblins
  7 hobgoblins
  4 jackals
  3 kobolds
  2 quokkas (D:1)
  2 frilled lizards
  5 rats
66 creatures vanquished.

Notes
Turn   | Place    | Note
-------+----------+-------------------------------------------
     0 | D:1      | avis the Hill Orc Transmuter began the quest for the Orb.
     0 | D:1      | Reached XP level 1. HP: 16/16 MP: 3/3
   285 | D:1      | Reached XP level 2. HP: 24/24 MP: 2/4
   713 | D:1      | Reached skill level 4 in Unarmed Combat
   752 | D:2      | Reached XP level 3. HP: 29/30 MP: 3/5
  1197 | D:2      | Found a faded altar of an unknown god.
  1211 | D:2      | Found a hazy altar of Hepliaklqana.
  1356 | D:2      | Reached XP level 4. HP: 22/38 MP: 5/7
  1521 | D:1      | Learned a level 3 spell: Spider Form
  3034 | D:3      | Reached skill level 1 in Poison Magic
  3037 | D:3      | Reached XP level 5. HP: 32/45 MP: 5/8
  3450 | D:3      | Found a glowing silver altar of Zin.
  3580 | D:4      | Found Rygeuxy's Assorted Antiques.
  3825 | D:4      | Found a shimmering blue altar of Sif Muna.
  3850 | D:4      | Reached skill level 5 in Unarmed Combat
  3850 | D:4      | Reached XP level 6. HP: 51/51 MP: 5/9
  4657 | D:5      | Entered Level 5 of the Dungeon
  4693 | D:4      | HP: 1/51 [gnoll/+0 flail (4)]
  4699 | D:4      | Slain by a gnoll

Illustrated notes

Levels and vault maps discovered:
D:1:      eino_arrival_tree_alley, layout_rooms, nicolae_figureground_pulse
D:2:      layout_rooms, basic_ecumenical_altar, basic_altar,
          minmay_split_cup_small
D:3:      layout_basic, zin_scriptorium, minmay_misc_feat_tower
D:4:      layout_loops_ring, old_standard_altar, serial_shops,
          nicolae_take_the_stairs
D:5:      layout_basic, serial_shops, shop, corexii_corridor_pit, uniq_menkaure

Skill      XL: |  1  2  3  4  5  6 |
---------------+-------------------+-----
Fighting       | 2 3 |  3.0
Unarmed Combat | 4 5 |  5.0
Spellcasting   | 2 |  2.0
Transmutations | 2 3 |  3.0
Poison Magic   | 2 |  2.0
Dodging        | |  1.5

Action                   |  1- 3 |  4- 6 || total
-------------------------+-------+-------++-------
Melee: Unarmed           |    74 |   111 ||   185
       Kick              |    11 |    16 ||    27
       Headbutt          |     9 |     9 ||    18
       Punch             |     2 |       ||     2
 Cast: Beastly Appendage |    19 |    15 ||    34
       Spider Form       |       |    18 ||    18
  Use: Scroll            |       |     6 ||     6
       Potion            |       |     1 ||     1
 Stab: Sleeping          |       |     2 ||     2
Armor: Robe              |    13 |    11 ||    24
Dodge: Dodged            |    60 |    86 ||   146

Table legend: (Time is in decaauts)
 A = Elapsed time spent in this place.
 B = Non-inter-level travel time spent in this place.
 C = Inter-level travel time spent in this place.
 D = Time resting spent in this place.
 E = Time spent auto-exploring this place.
 F = Levels seen in this place.
 G = Mean time per level.
                   A        B        C        D        E       F      G
               +--------+--------+--------+--------+--------+-----+--------+
         Total |   4698 |   4347 |    351 |   1554 |   1892 |   5 |  939.6 |
       Dungeon |   4698 |   4347 |    351 |   1554 |   1892 |   5 |  939.6 |
               +--------+--------+--------+--------+--------+-----+--------+

Top non-repeatable levels by time:
     D:2: 1547 daAuts
     D:1: 1364 daAuts
     D:4: 1127 daAuts
     D:3: 649 daAuts
     D:5: 8 daAuts
